 Dungeon Crawl Stone Soup version 0.27-a0-1308-gc08437e49b (webtiles) character file.

Game seed: 13731605611596870816

8425 bjtr the Magician (level 11, -3/66 HPs)
             Began as a Gargoyle Venom Mage on June 17, 2021.
             Was a Believer of Vehumet.
             Slain by an eight-headed hydra (12 damage)
             ... on level 11 of the Dungeon on June 19, 2021.
             The game lasted 01:11:55 (14985 turns).

bjtr the Magician (Gargoyle Venom Mage)            Turns: 14985, Time: 01:11:55

Health: -3/66      AC: 15    Str: 11    XL:     11   Next: 30%
Magic:  14/22      EV: 13    Int: 23    God:    Vehumet [**....]
Gold:   1070       SH:  5    Dex: 12    Spells: 11/24 levels left

rFire    . . .     SeeInvis .   a - +2 morningstar
rCold    + + .     Faith    .   y - +0 buckler
rNeg     + + .     Spirit   .   D - +0 leather armour {Will+}
rPois    ∞         Reflect  .   M - +0 hat {Int+3}
rElec    +         Harm     .   Q - +0 cloak {Will+}
rCorr    .         Rampage  .   i - +2 pair of gloves
Will     ++...                  (no boots)
Stlth    ++........             (no amulet)
HPRegen  0.21/turn              U - +6 ring of dexterity
MPRegen  0.18/turn              A - ring "Minip" {rPois rC++ rN+ Dex-4 Slay+3}

@: no status effects
A: sickness immunity, AC +8, negative energy resistance 1, electricity
resistance, torment resistance 1, petrification resistance
a: Renounce Religion


You were on level 11 of the Dungeon.
You worshipped Vehumet.
Vehumet was pleased with you.
You visited 2 branches of the dungeon, and saw 12 of its levels.

You collected 1507 gold pieces.
You spent 437 gold pieces at shops.

Inventory:

Hand Weapons
 a - a +2 morningstar (weapon)
 b - a +1 hunting sling of freezing
 v - a +1 short sword of speed
 z - a +0 dagger of venom
 B - a +3 dire flail
 E - a +0 war axe
 H - a +4 whip of pain
 I - a +4 falchion
 N - the +10 whip "Pypemm" {antimagic, rPois Stlth+}
   (You found it on level 9 of the Dungeon)

   It reduces the magical energy of the wielder, and disrupts the spells and
   magical abilities of those hit.
   Natural abilities and divine invocations are not affected.
   It protects you from poison.
   It makes you more stealthy.
 P - a +6 short sword
 S - a +0 vampiric short sword
Missiles
 k - a throwing net
 n - 10 boomerangs
 t - 6 atropa-tipped darts
 w - 74 sling bullets
 J - a curare-tipped dart
 K - 16 poisoned darts
Armour
 i - a +2 pair of gloves (worn)
 q - a +0 kite shield
 y - a +0 buckler (worn)
 D - a +0 leather armour of willpower (worn)
 M - a +0 hat of intelligence (worn)
 O - a scarf of shadows
 Q - a +0 cloak of willpower (worn)
Jewellery
 g - a ring of protection from cold
 j - a +6 ring of intelligence
 l - a +6 ring of intelligence
 x - an amulet of faith
 A - the ring "Minip" (right hand) {rPois rC++ rN+ Dex-4 Slay+3}
   (You found it on level 9 of the Dungeon)

   [ring of positive energy]

   It affects your dexterity (-4).
   It affects your accuracy and damage with ranged weapons and melee attacks
   (+3).
   It greatly protects you from cold.
   It protects you from poison.
   It protects you from negative energy.
 F - a ring of willpower
 U - a +6 ring of dexterity (left hand)
Wands
 c - a wand of mindburst (18)
 o - a wand of iceblast (11)
 p - a wand of flame (22)
Scrolls
 h - 2 scrolls of teleportation
 G - a scroll of fog
 R - a scroll of silence
 T - a scroll of identify
Potions
 d - 4 potions of curing
 e - 3 potions of brilliance
 f - 2 potions of flight
 m - a potion of attraction
 r - a potion of lignification
 s - 2 potions of mutation
 u - a potion of heal wounds
 C - a potion of berserk rage
Miscellaneous
 L - a tin of tremorstones (2/2)


   Skills:
 * Level 6.8 Fighting
 + Level 6.5 Maces & Flails
 + Level 3.5 Armour
 + Level 4.5 Dodging
 + Level 3.5 Stealth
 + Level 4.9 Shields
 * Level 7.4 Spellcasting
 * Level 5.8 Conjurations
 + Level 2.5 Transmutations
 + Level 2.5 Fire Magic
 + Level 1.2 Air Magic
 + Level 6.7 Poison Magic


You had 11 spell levels left.
You knew the following spells:

 Your Spells              Type           Power      Damage    Failure   Level
a - Sting                 Tmut/Pois      100%       1d8       1%          1
b - Searing Ray           Conj           70%        3d5       1%          2
c - Mephitic Cloud        Conj/Pois/Air  29%        N/A       4%          3
d - Ignite Poison         Fire/Tmut/Pois 26%        N/A       5%          3
e - Olgreb's Toxic Radia  Pois           39%        N/A       6%          4

Your spell library contained the following spells:

 Spells                   Type           Power      Damage    Failure   Level
 Static Discharge         Conj/Air       24%        N/A       3%          2
 Magic Dart               Conj           100%       1d8       1%          1
 Poisonous Vapours        Pois/Air       52%        N/A       2%          2
 Dazzling Flash           Conj/Hex       42%        N/A       9%          3
 Freeze                   Ice            32%        1d5       10%         1
 Confusing Touch          Hex            8%         N/A       28%         3
 Frozen Ramparts          Ice            16%        1d3       28%         3
 Gell's Gravitas          Tloc           4%         N/A       28%         3
 Ozocubu's Armour         Ice            8%         N/A       28%         3
 Fulminant Prism          Conj/Hex       10%        3d9       28%         4
 Hailstorm                Conj/Ice       21%        3d6       28%         4
 Iskenderun's Mystic Bla  Conj/Tloc      21%        2d6       28%         4
 Petrify                  Tmut/Erth      14%        N/A       50%         4
 Yara's Violent Unravell  Hex/Tmut       7%         3d5       83%         5
 Metabolic Englaciation   Hex/Ice        4%         N/A       95%         5


Dungeon Overview and Level Annotations

Branches:
Dungeon (11/15)            Temple (1/1) D:6            Lair (0/6) D:11
    Orc: D:9-12

Altars:
Ashenzari
Cheibriados
Dithmenos
Elyvilon
Fedhas
Gozag
Hepliaklqana
Kikubaaqudgha
Makhleb
Nemelex Xobeh
Okawaru
Qazlal
Ru
Sif Muna
Trog
Uskayaw
Vehumet
Wu Jian
Xom
Yredelemnul
Zin
The Shining One

Shops:
D:5 [   D:6 *   D:9 [


Innate Abilities, Weirdness & Mutations

You are immune to sickness and miasma.
Your stone body is resilient. (AC +8)
You are immune to poison.
You resist negative energy. (rN+)
You are resistant to electric shocks. (rElec)
You are resistant to unholy torment.
You are immune to petrification.


Message History

The eight-headed hydra closely misses you.
You block the eight-headed hydra's attack.
The eight-headed hydra closely misses you.
The eight-headed hydra bites you! The eight-headed hydra misses you.
The eight-headed hydra is engulfed in blazing flames.
The eight-headed hydra closely misses you.
The eight-headed hydra bites you!
The eight-headed hydra bites you but does no damage.
You block the eight-headed hydra's attack.
The eight-headed hydra closely misses you.
The eight-headed hydra bites you but does no damage.
You block the eight-headed hydra's attack.
The eight-headed hydra bites you.
* * * LOW HITPOINT WARNING * * *
Unknown command.
The eight-headed hydra is engulfed in blazing flames.
You feel much better.
You block the eight-headed hydra's attack.
The eight-headed hydra bites you!
The eight-headed hydra bites you but does no damage.
You block the eight-headed hydra's attack.
The eight-headed hydra closely misses you.
The eight-headed hydra bites you!
* * * LOW HITPOINT WARNING * * *
The eight-headed hydra bites you.
* * * LOW HITPOINT WARNING * * *
You block the eight-headed hydra's attack.
Unknown command.
Aiming: Iceblast
Press: ? - help, Shift-Dir - straight line The mass of ice explodes!
The iceblast engulfs the eight-headed hydra!
The eight-headed hydra is almost dead.
The eight-headed hydra misses you.
The eight-headed hydra closely misses you.
The eight-headed hydra bites you.
* * * LOW HITPOINT WARNING * * *
The eight-headed hydra barely misses you.
The eight-headed hydra bites you!
You die...

##.................
##.....##...........
#......###..........
#...#.).#...........
#...###†.#.........#.
#..... #(...........#
#...... #..............
#.......#.....D........
.........!...)@........
.......................
.>.................
..................
.................<.
..P.#)).............
#.............!...
#.)..............^.
#..................


You could see an eight-headed hydra.

Vanquished Creatures
  A boulder beetle (D:9)
  A cyclops (D:11)
  An unseen horror (D:9)
  A troll (D:10)
  A shadow (D:10)
  2 redbacks (D:9)
  12 yaks
  A basilisk (D:11)
  A steam dragon (D:8)
  3 vampire mosquitoes (D:10)
  2 wargs (D:11)
  An acid dragon (D:7)
  A water moccasin (D:8)
  An ice beast (D:6)
  A sky beast (D:7)
  A black bear (D:5)
  2 orc warriors
  A necrophage (D:6)
  4 centaurs
  An ogre (D:4)
  2 kobold brigands (D:8)
  2 bullfrogs
  2 gnoll sergeants
  2 scorpions
  A killer bee (D:9)
  8 wights
  A lava snake (D:9)
  3 centaur zombies
  A hound (D:6)
  8 orc priests
  2 bullfrog skeletons
  4 iguanas
  10 orc wizards
  A killer bee zombie (D:5)
  2 hound skeletons (D:4)
  2 howler monkey zombies
  8 adders
  9 gnolls
  A howler monkey skeleton (D:4)
  A shadow imp (D:5)
  2 white imps (D:7)
  An ufetubus (D:7)
  2 worms (D:2)
  2 dart slugs
  21 orcs
  6 ball pythons
  3 endoplasms
  A giant cockroach (D:4)
  3 goblins
  10 hobgoblins
  15 jackals
  16 kobolds
  A quokka (D:4)
  5 bats
  3 frilled lizards
  4 rats
204 creatures vanquished.

Vanquished Creatures (others)
  A lava snake (D:9)
  51 plants (D:3)
52 creatures vanquished.

Grand Total: 256 creatures vanquished

Notes
Turn   | Place    | Note
-------+----------+-------------------------------------------
     0 | D:1      | bjtr the Gargoyle Venom Mage began the quest for the Orb.
     0 | D:1      | Reached XP level 1. HP: 10/10 MP: 3/3
    70 | D:1      | Found a faded altar of an unknown god.
   450 | D:1      | Reached XP level 2. HP: 16/16 MP: 0/5
  1026 | D:1      | Identified a scroll of acquirement
  1026 | D:1      | Acquired 899 gold pieces
  1076 | D:2      | You fall into a shaft and drop 2 floors!
  1140 | D:4      | Reached XP level 3. HP: 3/20 MP: 6/6
  1410 | D:4      | Learned a level 2 spell: Searing Ray
  1414 | D:4      | Learned a level 3 spell: Mephitic Cloud
  1866 | D:4      | Reached skill level 1 in Fighting
  2078 | D:2      | Reached skill level 1 in Transmutations
  2078 | D:2      | Reached XP level 4. HP: 9/25 MP: 4/7
  2865 | D:2      | Reached XP level 5. HP: 12/29 MP: 2/9
  3047 | D:1      | Learned a level 3 spell: Ignite Poison
  3051 | D:2      | Reached skill level 1 in Armour
  4399 | D:3      | Upgraded the game from 0.27-a0-1299-g1ab19c6527 to
                  | 0.27-a0-1301-g128193abf8
  4441 | D:3      | Reached skill level 1 in Maces & Flails
  4441 | D:3      | Reached skill level 1 in Conjurations
  4441 | D:3      | Reached XP level 6. HP: 31/35 MP: 1/10
  5036 | D:3      | Reached skill level 3 in Spellcasting
  5725 | D:4      | Reached XP level 7. HP: 40/40 MP: 1/11
  6252 | D:5      | Entered Level 5 of the Dungeon
  6568 | D:5      | Reached skill level 1 in Shields
  6653 | D:5      | Found Ziowozeb's Armour Boutique.
  6703 | D:5      | Bought a +0 pair of gloves for 63 gold pieces
  7512 | D:6      | Found Gijisotath's General Store.
  7525 | D:6      | Bought a scroll of identify for 26 gold pieces
  7525 | D:6      | Bought a scroll of identify for 26 gold pieces
  7525 | D:6      | Bought a scroll of enchant armour for 97 gold pieces
  7647 | D:6      | Reached XP level 8. HP: 45/46 MP: 5/13
  7954 | D:6      | Found a staircase to the Ecumenical Temple.
  7965 | Temple   | Entered the Ecumenical Temple
  8008 | Temple   | Became a worshipper of Vehumet
  9144 | D:7      | Reached skill level 4 in Spellcasting
  9176 | D:7      | Reached skill level 1 in Air Magic
  9404 | D:7      | Learned a level 4 spell: Olgreb's Toxic Radiance
  9417 | D:7      | Reached XP level 9. HP: 46/52 MP: 12/15
 10358 | D:8      | Found an iron altar of Okawaru.
 10360 | D:8      | Reached * piety under Vehumet
 10360 | D:8      | Offered knowledge of Sandblast by Vehumet.
 10821 | D:8      | Reached skill level 5 in Maces & Flails
 10821 | D:8      | Reached skill level 5 in Poison Magic
 11539 | D:8      | Reached skill level 5 in Fighting
 11851 | D:9      | Upgraded the game from 0.27-a0-1301-g128193abf8 to
                  | 0.27-a0-1308-gc08437e49b
 12007 | D:9      | Found a runed translucent door.
 12114 | D:9      | Identified the +10 whip "Pypemm" {antimagic, rPois Stlth+}
 12126 | D:9      | Noticed a boulder beetle
 12287 | D:9      | Killed a boulder beetle
 12288 | D:9      | Reached skill level 5 in Spellcasting
 12288 | D:9      | Reached XP level 10. HP: 43/60 MP: 6/17
 12377 | D:9      | Identified the ring "Minip" {rPois rC++ rN+ Dex-4 Slay+3}
 12562 | D:9      | Killed an unseen horror
 12634 | D:9      | Found Gusyimo's Antique Armour Boutique.
 12640 | D:9      | Offered knowledge of Foxfire by Vehumet.
 12641 | D:9      | Reached skill level 5 in Conjurations
 12917 | D:9      | Bought an embroidered cloak for 225 gold pieces
 13446 | D:9      | Reached ** piety under Vehumet
 13447 | D:9      | Reached skill level 6 in Spellcasting
 13447 | D:9      | Reached skill level 1 in Fire Magic
 13943 | D:10     | Entered Level 10 of the Dungeon
 14063 | D:10     | Reached skill level 7 in Spellcasting
 14063 | D:10     | Reached XP level 11. HP: 56/66 MP: 16/21
 14814 | D:11     | Found a staircase to the Lair.
 14888 | D:11     | Noticed a cyclops
 14896 | D:11     | Killed a cyclops
 14969 | D:11     | Offered knowledge of Static Discharge by Vehumet.
 14973 | D:11     | Noticed an eight-headed hydra
 14985 | D:11     | Slain by an eight-headed hydra

Illustrated notes

Levels and vault maps discovered:
D:1:      ebering_trefoil_twist, layout_loops_ring,
          hellmonk_ecumenical_altar_leap_of_faith
D:2:      minmay_general_purpose_star, layout_basic
D:3:      minmay_door_path, layout_rooms, serial_bayou, serial_bayou_shore_a,
          serial_bayou_lagoon_a, serial_bayou_pond_e, serial_bayou_lagoon_b,
          minmay_tree_intersection, minmay_fractal_squares_gapless_5
D:4:      layout_gridville
D:5:      layout_layer_cave, serial_shops, kennysheep_mini
D:6:      layout_cave_pools, temple_green, serial_shops, nicolae_stop_n_shop_1
D:7:      layout_basic, hangedman_decor_points
D:8:      layout_loops_ring, okawaru_altar_gauntlet_db,
          kennysheep_generic_room_11
D:9:      gammafunk_indiana_jones, layout_stronghold, serial_shops,
          shop_fountains, kennysheep_generic_room_5
D:10:     layout_long_grid
D:11:     layout_cross, erik_lair_orcish_takeover, nicolae_vehumet_altar_sigil
Temple:   regret_index_temple_sigil_plot

Skill      XL: |  1  2  3  4  5  6  7  8  9 10 11 |
---------------+----------------------------------+-----
Fighting       | 1 2 3 4 5 6 |  6.8
Transmutations | 1 2 |  2.5
Dodging        | 2 3 4 |  4.5
Armour         | 1 2 3 |  3.5
Maces & Flails | 1 3 4 5 6 |  6.5
Conjurations   | 1 2 3 4 5 |  5.8
Spellcasting   | 3 4 5 7 |  7.4
Poison Magic   | 4 5 6 |  6.7
Shields        | 2 4 |  4.9
Stealth        | 3 |  3.5
Air Magic      | 1 |  1.2
Fire Magic     | 2 |  2.5

Action                   |  1- 3 |  4- 6 |  7- 9 | 10-12 || total
-------------------------+-------+-------+-------+-------++-------
Melee: Unarmed           |     2 |       |       |       ||     2
       Dagger            |    65 |     1 |       |       ||    66
       Morningstar       |       |   226 |   295 |    56 ||   577
       Falchion          |       |    14 |       |       ||    14
 Fire: Hunting sling     |     8 |       |     9 |       ||    17
 Cast: Sting             |    17 |     7 |    27 |     8 ||    59
       Searing Ray       |     4 |     3 |     9 |     2 ||    18
       Mephitic Cloud    |       |     9 |    13 |     9 ||    31
       Ignite Poison     |       |     3 |     6 |    16 ||    25
       Olgreb's Toxic Ra |       |       |     3 |    10 ||    13
Evoke: Wand              |       |       |       |     2 ||     2
  Use: Scroll            |     2 |     7 |    12 |     3 ||    24
       Potion            |     2 |     1 |     1 |     2 ||     6
 Stab: Sleeping          |     1 |     3 |     1 |       ||     5
       Confused          |       |     2 |     3 |       ||     5
Armor: Robe              |    35 |     5 |       |       ||    40
       Leather armour    |       |   132 |   173 |    80 ||   385
Dodge: Dodged            |    57 |   187 |   196 |    65 ||   505
Block: Buckler           |       |       |    31 |    25 ||    56
       Rpst.: Falchion   |       |     2 |       |       ||     2

Table legend: (Time is in decaauts)
 A = Elapsed time spent in this place.
 B = Non-inter-level travel time spent in this place.
 C = Inter-level travel time spent in this place.
 D = Time resting spent in this place.
 E = Time spent auto-exploring this place.
 F = Levels seen in this place.
 G = Mean time per level.
                   A        B        C        D        E       F      G
               +--------+--------+--------+--------+--------+-----+--------+
         Total |  15245 |  14918 |    327 |   3305 |   8891 |  12 | 1270.4 |
       Dungeon |  14921 |  14615 |    306 |   3305 |   8601 |  11 | 1356.5 |
        Temple |    323 |    302 |     21 |      0 |    290 |   1 |  323.0 |
               +--------+--------+--------+--------+--------+-----+--------+

Top non-repeatable levels by time:
     D:9: 2054 daAuts
     D:2: 1774 daAuts
     D:3: 1737 daAuts
     D:4: 1680 daAuts
     D:8: 1576 daAuts
     D:7: 1482 daAuts
     D:5: 1272 daAuts
     D:1: 1227 daAuts
     D:6: 1067 daAuts
    D:10: 864 daAuts
  Temple: 323 daAuts
    D:11: 185 daAuts
